 Dungeon Crawl Stone Soup version 0.28.0-53-g5a82cb258f (webtiles) character file.

Game seed: 15499662969546543559

11743 infcreate the Covert (level 11, -3/54 HPs)
             Began as a Vampire Enchanter on Aug 5, 2022.
             Was a Priest of Dithmenos.
             Slain by a boulder beetle (17 damage)
             ... on level 10 of the Dungeon.
             The game lasted 00:29:03 (12531 turns).

infcreate the Covert (Vampire Enchanter)           Turns: 12531, Time: 00:29:04

Health: -3/54      AC:  8    Str:  7    XL:     11   Next: 53%
Magic:  17/22      EV: 18    Int: 18    God:    Dithmenos [***...]
Gold:   607        SH:  5    Dex: 19    Spells: 14/25 levels left

rFire   + + .      SeeInvis +   a - +1 dagger (elec)
rCold   + + .      Faith    .   (no shield)
rNeg    + + +      Spirit   .   b - +0 robe
rPois   ∞          Reflect  +   v - +1 helmet
rElec   +          Harm     .   A - scarf {rC+ rF+}
rCorr   .          Rampage  .   (no gloves)
Will    ++...                   (no boots) Stlth *+++++++++
                                w - amulet of the Gastropod {Reflect rElec Regen+ SH+5}
HPRegen 0.00/turn               T - +4 ring of protection
MPRegen 0.18/turn               m - ring "Vaama" {Fire Will+}

@: bloodless, inhibited regen, wreathed by umbra
A: bloodless, fangs 3, see invisible, vampiric 2
a: Bat Form, Revivify, Renounce Religion, Shadow Step


You were on level 10 of the Dungeon.
You worshipped Dithmenos.
Dithmenos was most pleased with you.
You visited 2 branches of the dungeon, and saw 12 of its levels.

You collected 1047 gold pieces.
You spent 440 gold pieces at shops.


Innate Abilities, Weirdness & Mutations

You do not regenerate when monsters are visible.
You are frail without blood (-20% HP).
You can heal yourself when you bite living creatures.
You are immune to poison.
You have razor-sharp teeth.
You have supernaturally acute eyesight. (SInv)
You are afflicted with vampirism and can become a bat while bloodless.


   Skills:
 + Level 9.2 Short Blades
 + Level 9.4 Dodging
 + Level 13.5 Stealth
 + Level 7.9 Spellcasting
 + Level 12.4 Hexes


You had 14 spell levels left.
You knew the following spells:

 Your Spells              Type           Power      Damage    Failure   Level
c - Confusing Touch       Hex            51%        N/A       1%          3
d - Tukima's Dance        Hex            51%        N/A       1%          3
e - Ensorcelled Hibernat  Hex/Ice        58%        N/A       1%          2
f - Dazzling Flash        Conj/Hex       58%        N/A       2%          3

Your spell library contained the following spells:

 Spells                   Type           Power      Damage    Failure   Level
 Anguish                  Hex/Necr       14%        N/A       8%          4
 Corpse Rot               Necr/Air       14%        N/A       16%         2
 Gell's Gravitas          Tloc           7%         N/A       30%         3
 Lesser Beckoning         Tloc           7%         N/A       30%         3
 Spider Form              Tmut/Pois      7%         N/A       30%         3
 Teleport Other           Tloc           7%         N/A       30%         3
 Dispel Undead            Necr           7%         3d8       69%         4
 Death Channel            Necr           3%         N/A       100%        6

Inventory:

Hand Weapons
 a - a +1 dagger of electrocution (weapon)
Missiles
 f - 286 stones (quivered)
 H - 2 throwing nets {=f}
Armour
 b - a +0 robe (worn)
 v - a +1 helmet (worn)
 A - a scarf of resistance (worn)
Jewellery
 e - a +4 ring of evasion
 m - the ring "Vaama" (right hand) {Fire Will+}
   (You found it on level 2 of the Dungeon)

   [ring of fire]

   It enhances your fire magic.
   rF:        It protects you from fire.
   rC:        It makes you vulnerable to cold.
   Will:      It increases your willpower.
 w - the amulet of the Gastropod (around neck) {Reflect rElec Regen+ SH+5}
   (You bought it in a shop on level 4 of the Dungeon)

   [amulet of reflection]

   It reflects blocked missile attacks.
   rElec:     It insulates you from electricity.
   Regen:     It increases your rate of health regeneration.
   SH:        It affects your SH (+5).
 C - a ring of ice
 M - a ring of magical power
 T - a +4 ring of protection (left hand)
 W - a ring of willpower
Wands
 r - a wand of iceblast (14)
 t - a wand of charming (11)
 J - a wand of flame (9)
Scrolls
 d - 4 scrolls of blinking
 g - 2 scrolls of magic mapping
 j - 7 scrolls of fog
 k - 2 scrolls of teleportation {@r2}
 o - a scroll of silence {unknown}
 q - a scroll of immolation {unknown}
 u - 3 scrolls of amnesia {unknown}
 z - a scroll of brand weapon
 B - a scroll of torment {unknown}
 D - a scroll of summoning {unknown}
 E - a scroll of noise {unknown}
 F - a scroll of holy word {unknown}
 G - a scroll of enchant armour {unknown}
 I - a scroll of vulnerability {unknown}
 L - 2 scrolls of enchant weapon {unknown}
Potions
 c - a potion of invisibility
 h - a potion of mutation {unknown}
 i - a potion of brilliance {unknown}
 l - 2 potions of heal wounds {@q2}
 n - 2 potions of resistance
 p - 5 potions of curing {@q1}
 s - a potion of attraction
 x - a potion of lignification {unknown}
 y - 2 potions of ambrosia
 K - a potion of flight {unknown}

Dungeon Overview and Level Annotations

Branches:
Dungeon (11/15)            Temple (1/1) D:4            Lair (0/6) D:8
    Orc: D:9-12

Altars:
Ashenzari
Cheibriados
Dithmenos
Elyvilon
Fedhas
Gozag
Hepliaklqana
Kikubaaqudgha
Makhleb
Nemelex Xobeh
Okawaru
Qazlal
Ru
Sif Muna
Trog
Uskayaw
Vehumet
Wu Jian
Xom
Yredelemnul
Zin
The Shining One

Shops:
D:4 (=!=   D:6 : D:8

!
########.####.........##########.
..................##..# #.
..##.###....#.###.##..# #. ####.#
#.##.#.....##..# #.
#.###.#........##..# #.
#.##........#..#...# #.
#.##........†......# #.
####...........#..#...# #.
......^.......##@.##..##########.
#####.#.......##.B##...#.........
#.#..............#.....######
#.#.......##.......#.#.#
#.#####.#####.####.#.#.# #.# #.#
#.# #.#.#.# #####.# #.# #.#
#.#.#.# ......# #.# #.# #.#.#.#
####### #.#####.####.#.#.#


You could see a boulder beetle (confused).


Message History

Casting: Confusing Touch (safe; 1% risk of failure)
Confirm with . or Enter, or press ? or * to list all spells.
Aiming: Ensorcelled Hibernation (safe; 1% risk of failure)
Press: ? - help, Shift-Dir - straight line, f - boulder beetle
Aim: a boulder beetle (chance to confuse on hit: 54%, umbra, chance to affect: 41%)
The boulder beetle resists with some effort.
The boulder beetle completely misses you.
You hit the boulder beetle but do no damage.
The boulder beetle appears confused.
You bite the boulder beetle, but do no damage.
You hit the boulder beetle but do no damage.
You bite the boulder beetle.
The boulder beetle is lightly wounded.
You hit the boulder beetle.
You bite the boulder beetle, but do no damage.
The boulder beetle is lightly wounded.
You strike the helpless boulder beetle from behind!
You spit the boulder beetle like a pig!!!
The boulder beetle is severely wounded.
You hit the boulder beetle but do no damage.
The boulder beetle is severely wounded.
You hit the boulder beetle but do no damage.
The boulder beetle is severely wounded.
You barely miss the boulder beetle.
You bite the boulder beetle, but do no damage.
The boulder beetle is severely wounded.
You hit the boulder beetle but do no damage.
The boulder beetle is severely wounded.
The boulder beetle bites you!
You die...

Skill      XL: |  1  2  3  4  5  6  7  8  9 10 11 |
---------------+----------------------------------+-----
Stealth        | 5 6 7 8 9 11 12 13 | 13.5
Short Blades   | 2 3 4 5 7 8 9 |  9.2
Hexes          | 5 6 7 8 10 11 12 | 12.4
Dodging        | 3 4 5 6 7 8 9 |  9.4
Spellcasting   | 3 4 5 6 7 |  7.9

Action                   |  1- 3 |  4- 6 |  7- 9 | 10-12 || total
-------------------------+-------+-------+-------+-------++-------
Melee: Dagger            |    64 |    89 |   438 |   211 ||   802
       Bite              |     3 |     9 |    60 |    50 ||   122
       Punch             |       |     3 |     6 |       ||     9
Throw: Stone             |    14 |     2 |     7 |     3 ||    26
 Cast: Ensorcelled Hiber |    23 |    14 |    12 |    27 ||    76
       Confusing Touch   |     2 |    13 |    69 |    37 ||   121
       Tukima's Dance    |       |     3 |    26 |    20 ||    49
       Dazzling Flash    |       |       |       |     1 ||     1
 Abil: Exsanguinate      |     1 |       |       |       ||     1
  Use: Scroll            |     1 |     2 |    10 |       ||    13
 Stab: Sleeping          |    30 |    19 |    17 |    19 ||    85
       Confused          |     2 |    12 |    54 |    27 ||    95
       Invisible         |       |       |       |     2 ||     2
       Distracted        |       |       |       |     1 ||     1
Armor: Robe              |     1 |     4 |    34 |    11 ||    50
Dodge: Dodged            |    23 |    42 |   233 |    83 ||   381
Block: Other             |       |       |     3 |    36 ||    39
       Reflection        |       |       |       |     1 ||     1

Levels and vault maps discovered:
D:1:      minmay_arrival_nine_rooms, layout_basic
D:2:      layout_basic, minivault_5, uniq_sigmund
D:3:      layout_rooms
D:4:      layout_basic, minmay_temple_entry_antechambers, gammafunk_ghost_grave,
          serial_shops, shop, shop_statue,
          nicolae_shop_competitors_out_of_business,
          nicolae_shop_bloodbath_and_beyond, minmay_misc_feat_encased,
          grunt_ministairs_9, uniq_eustachio
D:5:      layout_rooms, uniq_grinder
D:6:      layout_basic, serial_shops, nicolae_stop_n_shop_1, uniq_blork_the_orc,
          uniq_maggie
D:7:      layout_basic
D:8:      layout_loops_ring, gammafunk_temple_overflow_claw, david_lair_generic,
          serial_shops, nicolae_diamond_shop
D:9:      layout_basic, serial_glass, glass_columns_b, glass_columns_a
D:10:     layout_loops_ring, marbit_many_paths
D:11:     layout_grid_maze, item_on_display_a
Temple:   nicolae_temple_no_exploring_needed

Notes
Turn   | Place    | Note
-------+----------+-------------------------------------------
     0 | D:1      | infcreate the Vampire Enchanter began the quest for the
                  | Orb.
     0 | D:1      | Reached XP level 1. HP: 13/13 MP: 3/3
   384 | D:1      | Reached XP level 2. HP: 15/15 MP: 5/5
   387 | D:1      | Learned a level 2 spell: Ensorcelled Hibernation
  1289 | D:1      | Gained mutation: You are afflicted with vampirism and can
                  | become a bat while bloodless. [Vampire growth]
  1289 | D:1      | Reached XP level 3. HP: 19/19 MP: 6/6
  1293 | D:1      | Learned a level 3 spell: Confusing Touch
  1398 | D:2      | Reached skill level 5 in Stealth
  1739 | D:2      | Noticed Sigmund
  1992 | D:2      | Reached skill level 2 in Short Blades
  1992 | D:2      | Reached skill level 5 in Hexes
  2047 | D:2      | Identified the ring "Vaama" {Fire Will+}
  2167 | D:2      | Reached XP level 4. HP: 24/24 MP: 2/7
  2171 | D:2      | Learned a level 3 spell: Tukima's Dance
  2270 | D:2      | Killed Sigmund
  2271 | D:2      | Reached skill level 3 in Dodging
  2271 | D:2      | Reached skill level 6 in Stealth
  2271 | D:2      | Reached skill level 3 in Spellcasting
  2271 | D:2      | Reached XP level 5. HP: 26/28 MP: 1/9
  3120 | D:3      | Reached skill level 3 in Short Blades
  3120 | D:3      | Reached XP level 6. HP: 32/32 MP: 4/10
  3605 | D:4      | Learned a level 3 spell: Dazzling Flash
  3626 | D:4      | Reached skill level 6 in Hexes
  3742 | D:4      | Found Voopig's Distillery.
  3838 | D:4      | Found Loneups's Jewellery Shop.
  3902 | D:4      | Reached skill level 4 in Dodging
  3930 | D:4      | Found a runed translucent door.
  3931 | D:4      | Noticed diceflayer's ghost (amateur MiFi)
  3959 | D:4      | Killed diceflayer's ghost
  3960 | D:4      | Reached skill level 7 in Stealth
  3960 | D:4      | Reached XP level 7. HP: 27/36 MP: 9/12
  4335 | D:4      | Reached skill level 4 in Short Blades
  4362 | D:4      | Reached skill level 7 in Hexes
  4480 | D:4      | Reached skill level 4 in Spellcasting
  4571 | D:4      | Found Jeroela's Jewellery Shop.
  4618 | D:4      | Found Cauts's Weapon Emporium.
  4618 | D:4      | Noticed Eustachio
  4665 | D:4      | Killed Eustachio
  4688 | D:4      | Found a staircase to the Ecumenical Temple.
  4697 | Temple   | Entered the Ecumenical Temple
  4704 | Temple   | Became a worshipper of Dithmenos the Shadowed
  4859 | D:4      | Reached skill level 5 in Dodging
  4859 | D:4      | Reached skill level 8 in Stealth
  4859 | D:4      | Reached XP level 8. HP: 41/41 MP: 14/14
  5197 | D:5      | Entered Level 5 of the Dungeon
  5266 | D:5      | Noticed Grinder
  5584 | D:5      | Reached skill level 5 in Short Blades
  5600 | D:5      | Killed Grinder
  5601 | D:5      | Reached skill level 8 in Hexes
  5750 | D:5      | Reached skill level 9 in Stealth
  5979 | D:5      | Reached skill level 5 in Spellcasting
  6148 | D:5      | Reached skill level 6 in Dodging
  6314 | D:5      | Reached XP level 9. HP: 45/45 MP: 16/16
  6613 | D:6      | Identified 2 potions of resistance
  6817 | D:6      | Reached skill level 6 in Short Blades
  6817 | D:6      | Reached skill level 9 in Hexes
  6943 | D:6      | Reached * piety under Dithmenos
  7115 | D:6      | Found Xetos's Book Shop.
  7295 | D:6      | Reached skill level 10 in Stealth
  7319 | D:6      | Noticed Blork the orc
  7332 | D:6      | Killed Blork the orc
  7454 | D:6      | Noticed Maggie
  7466 | D:6      | Killed Maggie
  8127 | D:7      | Reached skill level 7 in Dodging
  8209 | D:7      | You fall into a shaft and drop 2 floors!
  8257 | D:9      | Identified a scarf of resistance
  8348 | D:8      | Reached skill level 6 in Spellcasting
  8600 | D:7      | Reached skill level 10 in Hexes
  8804 | D:7      | Reached skill level 7 in Short Blades
  8926 | D:7      | Reached ** piety under Dithmenos
  8931 | D:7      | Identified a scroll of acquirement
  8932 | D:7      | Acquired 723 gold pieces
  9014 | D:4      | Bought the amulet of the Gastropod {Reflect rElec Regen+
                  | SH+5} for 440 gold pieces
  9293 | D:8      | Noticed an unseen horror
  9351 | D:8      | Reached skill level 11 in Stealth
  9365 | D:8      | Found Oclem's Distillery.
  9412 | D:8      | Noticed an elephant
  9423 | D:8      | Reached XP level 10. HP: 50/50 MP: 15/19
  9534 | D:8      | Killed an elephant
  9616 | D:8      | Found a staircase to the Lair.
  9658 | D:8      | Noticed a cyclops
  9661 | D:8      | Killed a cyclops
  9702 | D:8      | Reached skill level 8 in Dodging
  9779 | D:8      | Noticed a two-headed ogre
  9806 | D:8      | Killed a two-headed ogre
  9807 | D:8      | Reached skill level 12 in Stealth
  9807 | D:8      | Reached skill level 11 in Hexes
  9924 | D:8      | Found a hazy altar of Hepliaklqana.
  9924 | D:8      | Found a bloodstained altar of Trog.
  9991 | D:8      | Reached skill level 8 in Short Blades
 10068 | D:8      | Reached skill level 7 in Spellcasting
 11039 | D:10     | Entered Level 10 of the Dungeon
 11327 | D:10     | Reached XP level 11. HP: 54/54 MP: 13/21
 11419 | D:10     | HP: 5/54 [acid dragon/splash of acid (15)]
 11421 | D:10     | HP: 1/54 [acid dragon (4)]
 11856 | D:10     | Reached *** piety under Dithmenos
 11857 | D:10     | Reached skill level 9 in Dodging
 11857 | D:10     | Reached skill level 13 in Stealth
 11874 | D:10     | Reached skill level 12 in Hexes
 12006 | D:11     | Noticed a two-headed ogre
 12018 | D:11     | Killed a two-headed ogre
 12191 | D:11     | Noticed a two-headed ogre
 12205 | D:11     | Killed a two-headed ogre
 12206 | D:11     | Reached skill level 9 in Short Blades
 12440 | D:11     | Noticed a two-headed ogre
 12484 | D:11     | Noticed a boulder beetle
 12501 | D:10     | Killed a two-headed ogre
 12531 | D:10     | Slain by a boulder beetle

Vanquished Creatures
  4 two-headed ogres
  A cyclops (D:8)
  An elephant (D:8)
  A centaur zombie (D:10)
  A gargoyle (D:10)
  Maggie (D:6)
  An unseen horror (D:8)
  2 trolls (D:10)
  Grinder (D:5)
  12 yaks
  A wyvern (D:8)
  A shadow (D:10)
  A wraith (D:11)
  Eustachio (D:4)
  A steam dragon (D:9)
  A dancing weapon (D:5)
  2 basilisks (D:8)
  An acid dragon (D:10)
  An orc warrior (D:10)
  5 ice beasts
  The ghost of diceflayer the Skirmisher, an amateur MiFi (D:4)
  2 necrophages
  2 sky beasts
  A black bear (D:5)
  An ogre (D:4)
  2 phantoms
  8 centaurs
  2 kobold brigands
  2 gnoll sergeants
  5 scorpions
  6 killer bees (D:10)
  2 howler monkeys (D:7)
  3 hounds
  4 orc priests
  A jelly (D:5)
  3 gnoll shamans
  A centaur skeleton (D:5)
  3 iguanas
  7 orc wizards
  4 killer bee zombies
  4 adders
  21 gnolls
  A howler monkey skeleton (D:7)
  2 white imps
  4 worms
  6 dart slugs
  21 orcs
  6 ball pythons
  7 bats
  6 endoplasms
  5 giant cockroaches
  11 goblins
  5 hobgoblins
  3 jackals (D:1)
  A quokka (D:2)
  2 frilled lizards
  12 kobolds
  5 rats
222 creatures vanquished.

Vanquished Creatures (collateral kills)
  Sigmund (D:2)
  Blork the orc (D:6)
  2 gnolls
  An orc (D:5)
5 creatures vanquished.

Vanquished Creatures (others)
  14 dancing weapons
  3 kobolds (D:9)
  A withered plant (D:4)
18 creatures vanquished.

Grand Total: 245 creatures vanquished

Table legend: (Time is in decaauts)
 A = Elapsed time spent in this place.
 B = Non-inter-level travel time spent in this place.
 C = Inter-level travel time spent in this place.
 D = Time resting spent in this place.
 E = Time spent auto-exploring this place.
 F = Levels seen in this place.
 G = Mean time per level.
                   A        B        C        D        E       F      G
               +--------+--------+--------+--------+--------+-----+--------+
         Total |  12315 |  11581 |    734 |    863 |   8159 |  12 | 1026.2 |
       Dungeon |  12301 |  11573 |    728 |    863 |   8159 |  11 | 1118.3 |
        Temple |     14 |      8 |      6 |      0 |      0 |   1 |   14.0 |
               +--------+--------+--------+--------+--------+-----+--------+

Top non-repeatable levels by time:
     D:4: 1899 daAuts
     D:1: 1507 daAuts
     D:2: 1320 daAuts
     D:6: 1274 daAuts
     D:5: 1119 daAuts
     D:8: 1072 daAuts
    D:10: 948 daAuts
     D:7: 939 daAuts
     D:9: 874 daAuts
     D:3: 839 daAuts
    D:11: 507 daAuts
  Temple: 14 daAuts

Table legend:
 A = Non-vault XP
 B = Vault XP
 C = Vault XP percentage of total XP
 D = Non-vault monster count
 E = Vault monster count
 F = Vault count percentage of total count
                 A         B        C        D         E       F
            +---------+---------+-------+---------+---------+-------
      Total |   14220 |    2557 |  15.2 |     214 |      13 |   5.7
            +---------+---------+-------+---------+---------+-------
        D:1 |      43 |       0 |   0.0 |      26 |       0 |   0.0
        D:2 |      73 |     223 |  75.3 |      20 |       1 |   4.8
        D:3 |     108 |       0 |   0.0 |      17 |       0 |   0.0
        D:4 |    1120 |     329 |  22.7 |      33 |       4 |  10.8
        D:5 |     894 |     277 |  23.7 |      22 |       1 |   4.3
        D:6 |     701 |     499 |  41.6 |      15 |       2 |  11.8
        D:7 |     827 |       0 |   0.0 |      26 |       0 |   0.0
        D:8 |    3139 |    1093 |  25.8 |      14 |       4 |  22.2
        D:9 |     786 |       0 |   0.0 |      17 |       0 |   0.0
       D:10 |    4667 |     136 |   2.8 |      21 |       1 |   4.5
       D:11 |    1862 |       0 |   0.0 |       3 |       0 |   0.0
            +---------+---------+-------+---------+---------+-------
